cohdb
Replays
Latest Replays
All Replays
Popular Replays
Top Player Replays
Match Explorer
How It Works
Community
CoH3 Stats
Reddit
Sign in to upload your games and track your stats! →
Sign in with Steam
Match 42975735
Unlisted
Match 42975735
Overview
Messages
Build Orders
End
Selects Special Operations Battlegroup
Selects M29 Weasel Recon Vehicle
Engineer Squad
M29 Weasel Recon Vehicle
Construct Weapon Support Center
M1919 Machine Gun Team
Bazooka Squad
M1919 Machine Gun Team
Selects Raiding Flares
Infantry Support Center
Selects Raiding Flares
Mortar Pit
M3 Armored Personnel Carrier
Construct Medical Station
Grumpy
DaRtH VaDeRX2020
megumi
Хтонь
[SE:VH] Queiroz
PlzForGiveMeZ
[PER]Buccefalo
Voodoo408
0
0
Comments
sign in to comment!
No comments posted yet!